 Dungeon Crawl Stone Soup version 0.30-a0-457-g4b7bca3bfa (webtiles) character file.

Game seed: 6664671649034986157

100 MisterAzrael the Grave Robber (level 4, -2/30 HPs)
             Began as a Demonspawn Necromancer on Dec 12, 2022.
             Slain by an ice beast (5 damage)
             ... on level 5 of the Dungeon.
             The game lasted 00:04:03 (2601 turns).

MisterAzrael the Grave Robber (DsNe)                Turns: 2601, Time: 00:04:04

Health: -2/30      AC:  3    Str:  8    XL:     4   Next: 46%
Magic:  8/8        EV: 12    Int: 19    God:
Gold:   185        SH:  0    Dex: 13    Spells: 7/8 levels left

rFire   . . .      SeeInvis .    m - +1 spear (venom)
rCold   . . .      Faith    .    (no shield)
rNeg    . . .      Spirit   .    a - +0 robe
rPois   .          Reflect  .    (no helmet)
rElec   .          Harm     .    (no cloak)
rCorr   .          Rampage  .    (no gloves)
Will    .....                    (no boots)
Stlth   ++........               (no amulet)
HPRegen 0.25/turn                c - ring of flight
MPRegen 0.11/turn                (no ring)

@: flying
A: sharp scales 1, weakness stinger 1
a: no special abilities


You were on level 5 of the Dungeon.
You visited 1 branch of the dungeon, and saw 5 of its levels.

You collected 185 gold pieces.

Inventory:

Hand Weapons
 d - a +0 dagger of electrocution
 m - a +1 spear of venom (weapon)
Missiles
 h - 2 throwing nets
 n - 9 stones
Armour
 a - a +0 robe (worn)
 k - a +0 cloak
Jewellery
 c - a ring of flight (left hand)
Scrolls
 f - a scroll of amnesia
 j - a scroll of identify {unknown}
Potions
 b - a potion of magic
 e - a potion of might
 i - 2 potions of lignification {unknown}
 l - 2 potions of curing {unknown}


   Skills:
 - Level 1.6 Short Blades
 + Level 0.1 Polearms
 - Level 1.8 Dodging
 - Level 1.8 Stealth
 + Level 2.9 Spellcasting
 * Level 5.3 Necromancy


You had 7 spell levels left.
You knew the following spells:

 Your Spells              Type           Power      Damage    Failure   Level
a - Necrotise             Necr           92%        1d8       1%          1

Your spell library contained the following spells:

 Spells                   Type           Power      Damage    Failure   Level
 Sublimation of Blood     Necr           23%        N/A       2%          2
 Kiss of Death            Conj/Necr      48%        2d9       4%          1
 Vampiric Draining        Necr           23%        2d7       4%          3
 Freeze                   Ice            8%         1d3       16%         1
 Animate Dead             Necr           23%        N/A       17%         4
 Dispel Undead            Necr           23%        3d12      17%         4
 Confusing Touch          Hex            2%         N/A       43%         3
 Dazzling Flash           Conj/Hex       4%         N/A       43%         3
 Frozen Ramparts          Ice            4%         1d1       43%         3
 Hailstorm                Conj/Ice       2%         3d3       43%         3
 Agony                    Necr           23%        N/A       43%         5
 Borgnjor's Vile Clutch   Necr/Erth      6%         N/A       80%         5
 Petrify                  Tmut/Erth      2%         N/A       83%         4
 Death Channel            Necr           11%        N/A       95%         6
 Irradiate                Conj/Tmut      1%         3d12      99%         5
 Iskenderun's Battlesphe  Conj           2%         2d6       99%         5
 Silence                  Hex/Air        1%         N/A       99%         5
 Iron Shot                Conj/Erth      1%         9d1       100%        6
 Spellforged Servitor     Conj/Summ      1%         N/A       100%        7


Dungeon Overview and Level Annotations

Branches:
Dungeon (5/15)
 Temple: D:4-7

Altars:
Dithmenos

Annotations:
D:2 1 runed translucent door, Crazy Yiuf
D:3 3 runed translucent doors, HilariousDeathArtist's ghost, amateur MfWr


Innate Abilities, Weirdness & Mutations

You are partially covered in razor-sharp scales. (AC +1, Slay +1)
You have a small tail.


Message History

You fly downwards.
Reactivating autopickup.
There is a stone staircase leading up here.
You hit the orc.
Your tail-slap misses the orc.
The orc is lightly wounded.
Something hits you.
Deactivating autopickup; reactivate with Ctrl-A.
Something hits you. The orc hits you with a +0 hand axe.
* * * LOW HITPOINT WARNING * * *
You feel much better.
You hear some strange, mumbled words.
A puff of flame appears from out of thin air!
The puff of flame hits you. Something barely misses you.
The orc completely misses you.
You barely miss the orc.
The orc is lightly wounded.
The orc hits you with a +0 hand axe. Something hits you but does no damage.
Something hits you.
You closely miss the orc.
The orc is lightly wounded.
Something hits you. Something hits you but does no damage.
The orc closely misses you.
You closely miss the orc.
The orc is lightly wounded.
Something hits you. The orc barely misses you. Something hits you.
You barely miss the orc.
The orc is lightly wounded.
Something hits you but does no damage. The orc barely misses you.
Something hits you.
* * * LOW HITPOINT WARNING * * *
You hit the orc.
The orc is poisoned.
The orc is heavily wounded.
Something hits you.
* * * LOW HITPOINT WARNING * * *
Something hits you.
* * * LOW HITPOINT WARNING * * *
The orc hits you but does no damage. The ice beast hits you.
* * * LOW HITPOINT WARNING * * *
The ice beast freezes you.
You die...

#...... .......
#...... #......
#......
#......##
#.....{Y######.
#...@o......
#.#{.#######
#..# ...# ###.#
..# ###


You could see an ice beast and an orc (very poisoned).

Vanquished Creatures
  Terence (D:3)
  2 adders
  A dart slug (D:1)
  2 orcs
  6 ball pythons
  3 bats
  3 endoplasms
  9 goblins
  5 hobgoblins
  3 jackals (D:3)
  3 quokkas (D:1)
  2 frilled lizards
  2 kobolds
  2 rats (D:3)
44 creatures vanquished.

Vanquished Creatures (collateral kills)
  A dart slug (D:1)
  A frilled lizard (D:1)
2 creatures vanquished.

Vanquished Creatures (others)
  2 fungi (D:2)
2 creatures vanquished.

Grand Total: 48 creatures vanquished

Notes
Turn   | Place    | Note
-------+----------+-------------------------------------------
     0 | D:1      | MisterAzrael the Demonspawn Necromancer began the quest for
                  | the Orb.
     0 | D:1      | Reached XP level 1. HP: 13/13 MP: 3/3
   392 | D:1      | Gained mutation: You have a small tail. [demonic ancestry]
   392 | D:1      | Reached XP level 2. HP: 19/19 MP: 1/5
   581 | D:1      | Found a faded altar of an unknown god.
   817 | D:1      | Reached skill level 1 in Short Blades
  1160 | D:2      | Gained mutation: You are partially covered in razor-sharp
                  | scales. (AC +1, Slay +1) [demonic ancestry]
  1160 | D:2      | Reached XP level 3. HP: 24/24 MP: 2/6
  1566 | D:2      | Found a shadowy altar of Dithmenos.
  1823 | D:2      | Found a runed translucent door.
  1824 | D:2      | Noticed Crazy Yiuf
  1871 | D:3      | Reached skill level 5 in Necromancy
  1923 | D:3      | Noticed Terence
  1948 | D:3      | Killed Terence
  1949 | D:3      | Reached XP level 4. HP: 19/30 MP: 6/8
  2297 | D:3      | Found a runed translucent gate.
  2297 | D:3      | Found a runed translucent gate.
  2297 | D:3      | Found a runed translucent gate.
  2297 | D:3      | Noticed HilariousDeathArtist's ghost (amateur MfWr)
  2298 | D:3      | Noticed a kobold brigand
  2594 | D:5      | Entered Level 5 of the Dungeon
  2594 | D:5      | Noticed an ice beast
  2601 | D:5      | Slain by an ice beast

Illustrated notes

Levels and vault maps discovered:
D:1:      nicolae_arrival_somewhat_less_tricky_arrival, layout_loops_ring,
          chequers_ecumenical_altar_twisty, serial_glass, glass_columns_a,
          glass_columns_a
D:2:      layout_basic, basic_altar, grunt_ministairs_9, uniq_crazy_yiuf_cottage
D:3:      layout_basic, gammafunk_ghost_nasty_kobolds, uniq_terence
D:4:      kennysheep_kobold_camp, layout_basic, kennysheep_vampire_church,
          makhleb_blood_cavern_becter, nicolae_ossuary_entry_plus
D:5:      layout_loops_cross, nicolae_ru_great_annihilating_truth,
          chequers_decorated_corner

Skill      XL: |  1  2  3 |
---------------+----------+-----
Short Blades   | 1 |  1.6
Necromancy     | 5 |  5.3
Polearms       | |  0.1
Dodging        | |  1.8
Stealth        | |  1.8
Spellcasting   | |  2.9

Action                   |  1- 3 |  4- 6 || total
-------------------------+-------+-------++-------
Melee: Dagger            |    74 |     8 ||    82
       Tailslap          |     9 |     1 ||    10
       Spear             |       |    17 ||    17
 Cast: Necrotise         |    29 |       ||    29
  Use: Scroll            |     3 |       ||     3
       Potion            |     2 |     1 ||     3
 Stab: Sleeping          |     1 |       ||     1
       Distracted        |       |     1 ||     1
Armor: Robe              |    10 |    10 ||    20
Dodge: Dodged            |    58 |    14 ||    72

Table legend: (Time is in decaauts)
 A = Elapsed time spent in this place.
 B = Non-inter-level travel time spent in this place.
 C = Inter-level travel time spent in this place.
 D = Time resting spent in this place.
 E = Time spent auto-exploring this place.
 F = Levels seen in this place.
 G = Mean time per level.
                   A        B        C        D        E       F      G
               +--------+--------+--------+--------+--------+-----+--------+
         Total |   2595 |   2573 |     22 |     27 |   2113 |   5 |  519.0 |
       Dungeon |   2595 |   2573 |     22 |     27 |   2113 |   5 |  519.0 |
               +--------+--------+--------+--------+--------+-----+--------+

Top non-repeatable levels by time:
     D:1: 1032 daAuts
     D:2: 823 daAuts
     D:3: 718 daAuts
     D:4: 13 daAuts
     D:5: 7 daAuts
